 Dungeon Crawl Stone Soup version 0.20.1-1-g8b1a95d (webtiles) character file.

41689 McKennaii the Grappler (level 13, -5/100 HPs)
             Began as a Red Draconian Transmuter on July 23, 2017.
             Was an Elder of Nemelex Xobeh.
             Slain by Agnes
             ... wielding a +0 antimagic lajatang
              (16 damage)
             ... on level 15 of the Dungeon.
             The game lasted 01:05:27 (18264 turns).

McKennaii the Grappler (Red Draconian Transmuter)  Turns: 18264, Time: 01:05:27

Health: -5/100     AC:  8    Str: 11    XL:     13   Next: 81%
Magic:  0/23       EV: 18    Int: 16    God:    Nemelex Xobeh [****..]
Gold:   756        SH:  5    Dex: 17    Spells: 18/26 levels left

rFire    + + .     SeeInvis .     - Unarmed
rCold    + + .     Gourm    .   H - +0 buckler
rNeg     . . .     Faith    .   (armour unavailable)
rPois    .         Spirit   .   (helmet restricted)
rElec    .         Reflect  .   o - scarf {rC+ rF+}
rCorr    .         Harm     .   (no gloves)
MR       .....                  (no boots)
Stlth    +++.......             x - amulet of regeneration
Regen    0.7/turn               N - -3 ring of strength (curse)
MPRegen  0.2/turn               p - +4 ring of dexterity

@: flying, very slightly contaminated
A: breathe fire, unfitting armour, antennae 1, cold resistance 1, fire
resistance 1, sense surroundings 1, wild magic 1, cold-blooded, AC +8
a: Breathe Fire, Triple Draw, Deal Four, Renounce Religion


You were on level 15 of the Dungeon.
You worshipped Nemelex Xobeh.
Nemelex Xobeh was greatly pleased with you.
You were very hungry.

You visited 2 branches of the dungeon, and saw 16 of its levels.
You also visited: Ice Cave.

You collected 906 gold pieces.
You spent 150 gold pieces at shops.

Inventory:

Missiles
 a - 190 arrows
Armour
 o - a scarf of resistance (worn)
 H - a +0 buckler (worn)
Jewellery
 l - a +3 ring of evasion
 p - a +4 ring of dexterity (right hand)
 x - an amulet of regeneration (around neck)
 N - a cursed -3 ring of strength (left hand)
 U - an uncursed ring of protection from cold {unknown}
Wands
 J - a wand of disintegration (16/24)
 L - a wand of polymorph (7/24)
 M - a wand of random effects (26/48)
 Q - a wand of paralysis (12/24)
 S - a wand of disintegration (6/24)
 T - a wand of random effects (24/48)
Scrolls
 d - 5 scrolls of identify
 e - 5 scrolls of amnesia
 f - a scroll of brand weapon {unknown}
 g - 6 scrolls of remove curse
 k - a scroll of enchant armour
 m - 3 scrolls of teleportation
 n - 6 scrolls of enchant weapon {unknown}
 t - 3 scrolls of magic mapping {unknown}
 z - a scroll of holy word {unknown}
 D - 2 scrolls of random uselessness {unknown}
 E - 2 scrolls of fear {unknown}
 R - a scroll of fog {unknown}
Potions
 b - 2 potions of agility {unknown}
 i - 2 potions of magic
 j - a potion of curing
 q - a potion of cancellation
 r - a potion of haste
 s - 2 potions of degeneration {unknown}
 u - a potion of might
 w - a potion of mutation
 B - 2 potions of lignification {unknown}
 F - a potion of berserk rage {unknown}
Books
 C - a book of Debilitation

   Spells                             Type                      Level
   a - Corona                         Hexes                        1
   b - Slow                           Hexes                        2
   c - Inner Flame                    Hexes/Fire                   3
   d - Portal Projectile              Hexes/Translocation          3
   e - Cause Fear                     Hexes                        4
   f - Leda's Liquefaction            Hexes/Earth                  4
 O - a book of Geomancy

   Spells                             Type                      Level
   a - Sandblast                      Earth                        1
   b - Passwall                       Transmutation/Earth          2
   c - Stone Arrow                    Conjuration/Earth            3
   d - Petrify                        Transmutation/Earth          4
   e - Lee's Rapid Deconstruction     Earth                        5
Miscellaneous
 v - a plain deck of escape {drawn: 1}
 y - an ornate deck of escape {drawn: 5}
 G - a plain deck of destruction {drawn: 2}
 P - a plain deck of destruction
Comestibles
 c - 16 bread rations
 h - 17 royal jellies
 A - 2 fruits
 K - a meat ration


   Skills:
 + Level 5.3 Fighting
 + Level 8.0 Dodging
 + Level 4.9 Stealth
 * Level 3.7 Shields
 + Level 13.6 Unarmed Combat
 + Level 7.1 Spellcasting
 * Level 11.0 Transmutations
 * Level 10.9 Invocations


You had 18 spell levels left.
You knew the following spells:

 Your Spells              Type           Power        Failure   Level  Hunger
a - Beastly Appendage     Tmut           ######       1%          1    None
b - Sticks to Snakes      Tmut           ######..     1%          2    None
c - Blade Hands           Tmut           ######....   6%          5    #####..


Dungeon Overview and Level Annotations

Branches:
Dungeon (15/15)            Temple (1/1) D:5            Lair (0/6) D:11
    Orc (0/2) D:12         Vaults (0/5) D:13
 Depths: D:15

Altars:
Ashenzari
Cheibriados
Dithmenos
Elyvilon
Fedhas
Gozag
Hepliaklqana
Kikubaaqudgha
Makhleb
Nemelex Xobeh
Okawaru
Qazlal
Ru
Sif Muna
Trog
Uskayaw
Vehumet
Xom
Yredelemnul
Zin
The Shining One

Shops:
D:5 }   D:6 ?   D:12 (

Portals:
Trove: D:13 (give +3 shadow dragon scales)

Annotations:
D:15 Agnes


Innate Abilities, Weirdness & Mutations

You can breathe blasts of fire.
Your fiery red scales are hard. (AC +8)
You cannot fit into any form of body armour.
Your flesh is heat resistant. (rF+)
You are cold-blooded and may be slowed by cold attacks.
You have a pair of small antennae on your head.
Your flesh is cold resistant. (rC+)
You passively map a small area around you.
Your spells are a little harder to cast, but a little more powerful.


Message History

You draw a card...
It is the Shaft.
Nothing appears to happen.
Agnes is engulfed in blazing flames.
Agnes closely misses you.
Agnes is engulfed in blazing flames.
You block Agnes's attack.
Evoke which item? (* to show all) (? for menu, Esc to quit)
You draw a card...
It is the Elixir.
You begin rapidly regenerating.
Agnes barely misses you.
Agnes hits you with an antimagic lajatang!!
* * * LOW HITPOINT WARNING * * *
You feel your power leaking away.
Evoke which item? (* to show all) (? for menu, Esc to quit)
Okay, then.
You don't have enough magic at the moment.
Okay, then.
Evoke which item? (* to show all) (? for menu, Esc to quit)
You draw a card...
It is the Elixir.
You begin rapidly regenerating.
Agnes hits you with an antimagic lajatang!!
* * * LOW HITPOINT WARNING * * *
Agnes hits you with an antimagic lajatang!
You die...
Your body disappears without a glow.

#........, ,
#......., , #......
* , #.....### .# ,
, * #.......#..## ,
#.......#.... ,
#####....#§.#.... ,
.......@i.§..####+#
,
...###.#...#.......
, , , ,
#............... *
, ,#.$...#.........
, *
,#...............,
* ,
#.........#####,
+.........#, ,
#########)# , * *
........#.#,,,


You could see Agnes.

Vanquished Creatures
  A frost giant (IceCv)
  A vault guard (D:13)
  An ice dragon (D:11)
  A centaur warrior (D:13)
  6 two-headed ogres
  The ghost of Gargoyl the Protected, a novice MiAK of Lugonu (D:10)
  A tengu warrior (D:13)
  3 death yaks (IceCv)
  Pikel (D:8)
  An orc knight (D:13)
  5 ugly things
  A faun (D:11)
  2 cyclopes (D:11)
  A guardian serpent (D:10)
  An ice statue (IceCv)
  The ghost of Knicklaso the Slasher, a novice DsCK of Xom (D:6)
  A gargoyle (D:11)
  3 centaur skeletons
  A rime drake (IceCv)
  An efreet (D:14)
  2 kobold demonologists (D:11)
  4 freezing wraiths
  3 meliai (D:14)
  4 trolls
  16 polar bears (IceCv)
  The ghost of lotsofdiagrams the Stinger, an amateur NaVM (D:4)
  2 hornets
  A raiju (shapeshifter) (D:15)
  A raiju (D:11)
  2 hippogriffs
  A meliai zombie (D:13)
  A shadow (D:13)
  2 wraiths (D:13)
  3 wyverns
  16 humans (D:13)
  37 yaks
  3 hungry ghosts
  10 two-headed ogre zombies (D:9)
  Menkaure (D:5)
  2 ice beasts (D:9)
  5 orc warriors
  7 sky beasts
  A slave (D:8)
  A black bear (D:7)
  4 phantoms
  2 eyes of draining
  A necrophage (D:11)
  8 ogres
  13 wolves (IceCv)
  9 centaurs
  A crocodile (D:9)
  3 bullfrogs
  Blork the orc (D:6)
  2 big kobolds
  A water moccasin skeleton (D:11)
  A scorpion (D:9)
  A wyvern skeleton (D:9)
  8 killer bees
  6 wights
  4 electric eels
  4 howler monkeys
  4 crimson imps
  A quasit (D:9)
  A centaur zombie (D:5)
  11 hounds
  Crazy Yiuf (D:7)
  A bullfrog skeleton (D:10)
  3 jellies
  7 orc priests
  3 iguanas
  9 orc wizards
  4 worker ants
  A hound skeleton (D:11)
  A howler monkey zombie (D:9)
  2 worker ant zombies
  7 adders
  4 oozes (D:9)
  2 adder skeletons
  An adder zombie (D:11)
  A dart slug (D:10)
  7 leopard geckos
  41 orcs
  4 giant cockroaches
  5 goblins
  9 hobgoblins
  19 jackals
  4 quokkas
  10 bats
  3 frilled lizards
  8 kobolds
  6 rats
409 creatures vanquished.

Vanquished Creatures (collateral kills)
  A two-headed ogre (D:9)
  3 wights (D:9)
  A quasit (D:9)
  A jelly (D:9)
  A worker ant zombie (D:6)
  An ooze (D:9)
  A leopard gecko (D:9)
  An orc (D:3)
10 creatures vanquished.

Vanquished Creatures (others)
  2 wolves (IceCv)
  An iguana (D:8)
  A kobold (D:11)
4 creatures vanquished.

Grand Total: 423 creatures vanquished

Notes
Turn   | Place    | Note
-------+----------+-------------------------------------------
     0 | D:1      | McKennaii the Draconian Transmuter began the quest for the Orb.
     0 | D:1      | Reached XP level 1. HP: 16/16 MP: 3/3
   216 | D:1      | Reached XP level 2. HP: 23/23 MP: 5/5
   226 | D:1      | Learned a level 2 spell: Sticks to Snakes
   870 | D:2      | Reached XP level 3. HP: 28/28 MP: 6/6
  1257 | D:3      | Noticed an ogre
  1279 | D:3      | HP: 1/28 [ogre/giant club (14)]
  1281 | D:3      | Killed an ogre
  1281 | D:3      | Reached skill level 4 in Unarmed Combat
  1281 | D:3      | Reached XP level 4. HP: 1/35 MP: 2/7
  2025 | D:3      | Reached XP level 5. HP: 40/40 MP: 8/8
  2511 | D:3      | Reached skill level 5 in Unarmed Combat
  2774 | D:4      | Noticed a phantom
  2866 | D:4      | Killed a phantom
  2866 | D:4      | Reached XP level 6. HP: 10/47 MP: 4/9
  3227 | D:4      | Noticed lotsofdiagrams's ghost (amateur NaVM)
  3394 | D:4      | Killed lotsofdiagrams's ghost
  3394 | D:4      | Reached skill level 1 in Stealth
  3394 | D:4      | Your scales start taking on a fiery red colour.
  3394 | D:4      | Reached XP level 7. HP: 27/52 MP: 3/11
  3394 | D:4      | Gained mutation: Your flesh is heat resistant. (rF+) [Red Draconian growth]
  3716 | D:5      | Entered Level 5 of the Dungeon
  3719 | D:5      | Found a staircase to the Ecumenical Temple.
  3797 | Temple   | Entered the Ecumenical Temple
  3824 | Temple   | Became a worshipper of Nemelex Xobeh the Trickster
  3899 | D:5      | Noticed Menkaure
  3908 | D:5      | Killed Menkaure
  3908 | D:5      | Reached skill level 6 in Unarmed Combat
  4065 | D:5      | Found Sykhlousm's Gadget Shoppe.
  4230 | D:5      | HP: 2/52 [something (6)]
  4304 | D:5      | Received a gift from Nemelex Xobeh
  4557 | D:5      | Noticed Ijyb
  4560 | D:5      | Noticed Ijyb
  4560 | D:5      | Ijyb changed into Ijyb the iguana
  4571 | D:5      | Killed Ijyb the iguana
  4571 | D:5      | Reached skill level 1 in Invocations
  4877 | D:6      | Noticed Blork the orc
  4877 | D:6      | Noticed Knicklaso's ghost (novice DsCK)
  4993 | D:6      | Found a shimmering altar of Xom.
  5016 | D:6      | Found Gotapraje's Magic Scroll Emporium.
  5025 | D:6      | Bought a scroll of identify for 24 gold pieces
  5025 | D:6      | Bought a scroll of teleportation for 36 gold pieces
  5025 | D:6      | Bought a scroll of blinking for 90 gold pieces
  5400 | D:5      | Reached XP level 8. HP: 43/59 MP: 12/12
  5497 | D:6      | Killed Blork the orc
  5547 | D:5      | Reached skill level 5 in Transmutations
  5803 | D:6      | Reached skill level 7 in Unarmed Combat
  5817 | D:6      | Killed Knicklaso's ghost
  6346 | D:7      | Received a gift from Nemelex Xobeh
  6355 | D:7      | Reached * piety under Nemelex Xobeh
  6947 | D:7      | Found a runed door.
  7202 | D:7      | Noticed Crazy Yiuf
  7208 | D:7      | Killed Crazy Yiuf
  7296 | D:8      | Received a gift from Nemelex Xobeh
  7335 | D:8      | Reached XP level 9. HP: 41/67 MP: 14/14
  7540 | D:8      | Noticed Pikel
  7552 | D:8      | Killed Pikel
  7552 | D:8      | Reached skill level 8 in Unarmed Combat
  7655 | D:8      | Noticed a two-headed ogre
  7704 | D:8      | Killed a two-headed ogre
  7704 | D:8      | Reached skill level 5 in Dodging
  7704 | D:8      | Reached skill level 5 in Invocations
  8514 | D:9      | Reached XP level 10. HP: 65/74 MP: 16/16
  8521 | D:9      | Learned a level 5 spell: Blade Hands
  8618 | D:9      | Noticed a two-headed ogre
  8645 | D:9      | Killed a two-headed ogre
  8645 | D:9      | Reached skill level 9 in Unarmed Combat
  8745 | D:9      | Noticed a two-headed ogre
  8750 | D:9      | Reached ** piety under Nemelex Xobeh
  9434 | D:9      | Reached skill level 5 in Spellcasting
  9713 | D:9      | Received a gift from Nemelex Xobeh
  9890 | D:9      | Killed a two-headed ogre
 10400 | D:9      | Reached skill level 10 in Unarmed Combat
 10417 | D:9      | Reached XP level 11. HP: 53/82 MP: 18/18
 10753 | D:9      | Gained mutation: You have a pair of small antennae on your head. [potion of mutation]
 10753 | D:9      | Gained mutation: You passively map a small area around you. [potion of mutation]
 10753 | D:9      | Gained mutation: Your spells are a little harder to cast, but a little more powerful. [potion of mutation]
 10753 | D:9      | Gained mutation: Your flesh is cold resistant. (rC+) [potion of mutation]
 10812 | D:10     | Entered Level 10 of the Dungeon
 10816 | D:10     | Found a stormy altar of Qazlal.
 10817 | D:10     | Noticed Gargoyl's ghost (novice MiAK)
 10849 | D:10     | Killed Gargoyl's ghost
 10965 | D:10     | Found a glowing golden altar of the Shining One.
 11065 | D:10     | Noticed Snorg
 11065 | D:10     | Noticed Snorg
 11065 | D:10     | Snorg changed into Snorg the guardian serpent
 11397 | D:10     | Killed Snorg the guardian serpent
 11798 | D:11     | Noticed an eight-headed hydra
 11835 | D:11     | Found a staircase to the Lair.
 12052 | D:11     | Noticed an ice dragon
 12052 | D:11     | an eight-headed hydra changed into an ice dragon
 12363 | D:11     | Reached skill level 11 in Unarmed Combat
 12419 | D:11     | HP: 1/83 [cyclops (25)]
 12993 | D:11     | Killed an ice dragon
 13467 | D:12     | Noticed a green ugly thing
 13486 | D:12     | Noticed a death knight
 13504 | D:11     | a death knight changed into a faun
 13508 | D:11     | Reached XP level 12. HP: 49/91 MP: 14/20
 14081 | D:12     | Received a gift from Nemelex Xobeh
 14375 | D:12     | Found a staircase to the Orcish Mines.
 14398 | D:12     | Reached *** piety under Nemelex Xobeh
 14542 | D:12     | Found Kiqe Tio's Weapon Emporium.
 14704 | D:13     | Found a gate to the Vaults.
 14704 | D:13     | Noticed a centaur warrior
 14704 | D:13     | Noticed a two-headed ogre
 14784 | D:13     | Noticed a two-headed ogre
 14791 | D:12     | Killed a two-headed ogre
 14791 | D:12     | Reached skill level 12 in Unarmed Combat
 14938 | D:13     | Killed a centaur warrior
 14938 | D:13     | Reached skill level 10 in Transmutations
 14949 | D:13     | Killed a two-headed ogre
 15197 | D:13     | Received a gift from Nemelex Xobeh
 15200 | D:13     | Noticed a vault guard
 15212 | D:13     | Killed a vault guard
 15374 | D:13     | Found a portal to a secret trove of treasure.
 15739 | D:13     | Noticed a tengu warrior
 15744 | D:13     | Killed a tengu warrior
 15744 | D:13     | Reached XP level 13. HP: 89/99 MP: 16/22
 16065 | D:14     | Noticed Agnes
 16283 | D:14     | Reached skill level 1 in Shields
 16291 | D:14     | Reached skill level 10 in Invocations
 16353 | D:14     | Found a snail-covered altar of Cheibriados.
 16717 | D:15     | Entered Level 15 of the Dungeon
 16736 | D:15     | Found a frozen archway.
 16745 | D:15     | Reached skill level 13 in Unarmed Combat
 16822 | IceCv    | Entered an ice cave
 16826 | IceCv    | Received a gift from Nemelex Xobeh
 17061 | IceCv    | Reached **** piety under Nemelex Xobeh
 17440 | IceCv    | Reached skill level 5 in Fighting
 17813 | IceCv    | Noticed a frost giant
 17878 | IceCv    | Killed a frost giant
 18263 | D:15     | HP: 1/100 [Agnes/antimagic lajatang (24)]
 18264 | D:15     | Slain by Agnes

Skill      XL: |  1  2  3  4  5  6  7  8  9 10 11 12 13 |
---------------+----------------------------------------+-----
Dodging        | 2 3 4 5 6 7 8 |  8.0
Unarmed Combat | 4 5 6 7 8 10 11 12 13 | 13.6
Transmutations | 3 4 5 6 8 9 10 11 | 11.0
Stealth        | 1 2 3 4 |  4.9
Spellcasting   | 3 4 5 6 7 |  7.1
Invocations    | 1 3 5 6 8 9 10 | 10.9
Fighting       | 2 3 4 5 |  5.3
Shields        | 3 |  3.7

Action                   |  1- 3 |  4- 6 |  7- 9 | 10-12 | 13-15 || total
-------------------------+-------+-------+-------+-------+-------++-------
Melee: Unarmed           |   142 |   210 |   488 |   863 |   276 ||  1979
       Tailslap          |     8 |    23 |    74 |   143 |    47 ||   295
       Punch             |       |     3 |    17 |    54 |    11 ||    85
 Cast: Sticks to Snakes  |     3 |     9 |    34 |    32 |     5 ||    83
       Blade Hands       |       |       |       |    33 |    15 ||    48
 Abil: Breathe Fire      |       |       |     8 |    25 |     1 ||    34
Evoke: Deck              |       |       |     6 |    17 |     7 ||    30
  Use: Potion            |       |     2 |     4 |     5 |     1 ||    12
       Scroll            |       |       |     8 |     3 |     1 ||    12
 Stab: Sleeping          |     2 |     1 |     6 |     5 |     1 ||    15
       Distracted        |       |     1 |     3 |     5 |     1 ||    10
  Eat: Chunk             |     1 |     5 |    20 |    25 |    12 ||    63
       Meat ration       |       |     1 |       |     2 |       ||     3
       Royal jelly       |       |       |       |     3 |     1 ||     4
       Fruit             |       |       |       |       |     1 ||     1
Armor: Skin              |    48 |    46 |    85 |   118 |    27 ||   324
Dodge: Dodged            |   100 |   140 |   414 |   694 |   222 ||  1570
Block: Buckler           |       |       |       |       |    25 ||    25
